[Event "FICS rated standard game"]
[Site "FICS freechess.org"]
[FICSGamesDBGameNo "20000669"]
[White "xnatex"]
[Black "AARRANJ"]
[WhiteElo "1503"]
[BlackElo "1464"]
[WhiteRD "na"]
[BlackRD "na"]
[TimeControl "1800+0"]
[Date "1999.05.21"]
[Time "18:30:00"]
[WhiteClock "0:30:00.000"]
[BlackClock "0:30:00.000"]
[ECO "B50"]
[PlyCount "62"]
[Result "0-1"]

1. e4 c5 2. Nf3 d6 3. Bc4 Nc6 4. O-O Nf6 5. Nc3 g6 6. Ng5 Ne5 7. Bb3 Bg7 8. d4 cxd4 9. Qxd4 O-O 10. Bf4 Nfd7 11. Qd5 Nc5 12. Nxf7 Nxf7 13. Rad1 Nxb3 14. Qxb3 Kh8 15. Rfe1 b6 16. e5 Bb7 17. e6 Nh6 18. Ne4 Rxf4 19. Ng5 Qc7 20. Nf7+ Nxf7 21. exf7 Qc6 22. Qg3 Rxf7 23. c3 Raf8 24. f3 Qc5+ 25. Kh1 Rxf3 26. gxf3 Bxf3+ 27. Qxf3 Rxf3 28. b4 Qg5 29. c4 Be5 30. c5 Rf2 31. Rxe5 Qg2# {White checkmated} 0-1

[Event "FICS rated blitz game"]
[Site "FICS freechess.org"]
[FICSGamesDBGameNo "20000668"]
[White "MartinG"]
[Black "dmgrant"]
[WhiteElo "1716"]
[BlackElo "1887"]
[WhiteRD "na"]
[BlackRD "na"]
[TimeControl "300+0"]
[Date "1999.05.21"]
[Time "16:29:00"]
[WhiteClock "0:05:00.000"]
[BlackClock "0:05:00.000"]
[ECO "C19"]
[PlyCount "104"]
[Result "0-1"]

1. e4 e6 2. d4 d5 3. Nc3 Bb4 4. e5 c5 5. a3 Bxc3+ 6. bxc3 Qc7 7. Nf3 Ne7 8. Be2 b6 9. Bb5+ Bd7 10. Bd3 Nbc6 11. O-O h6 12. a4 Na5 13. Re1 O-O 14. Ba3 Bxa4 15. Bxc5 bxc5 16. Rxa4 c4 17. Be2 Nac6 18. Qd2 a5 19. Rea1 Ng6 20. Ne1 f6 21. f4 fxe5 22. fxe5 Nf4 23. Bg4 Qf7 24. g3 Ng6 25. Ng2 Nge7 26. Nf4 Nf5 27. Rf1 Qd7 28. Ng6 Nxe5 29. dxe5 Qxa4 30. Nxf8 Rxf8 31. Qe2 Qd7 32. Bxf5 Rxf5 33. Rxf5 exf5 34. Qf3 Qe6 35. Qf4 a4 36. Qd4 a3 37. Qa7 Qxe5 38. Qxa3 Kh7 39. Qc1 Qe4 40. Qd2 g5 41. Kf2 Kg6 42. Qc1 h5 43. Qd2 f4 44. gxf4 gxf4 45. Qd1 Kg5 46. Qg1+ Kf5 47. Qg8 Qe3+ 48. Kf1 Qf3+ 49. Ke1 Qxc3+ 50. Kf1 Qf3+ 51. Ke1 Qe3+ 52. Kf1 Ke4 {White forfeits on time} 0-1

[Event "FICS rated blitz game"]
[Site "FICS freechess.org"]
[FICSGamesDBGameNo "20000667"]
[White "Amnesia"]
[Black "Houthakker"]
[WhiteElo "1574"]
[BlackElo "1615"]
[WhiteRD "na"]
[BlackRD "na"]
[TimeControl "180+0"]
[Date "1999.05.21"]
[Time "16:04:00"]
[WhiteClock "0:03:00.000"]
[BlackClock "0:03:00.000"]
[ECO "B01"]
[PlyCount "51"]
[Result "1-0"]

1. e4 d5 2. exd5 Nf6 3. c4 c6 4. dxc6 Nxc6 5. Nf3 e5 6. d3 Bc5 7. Be2 O-O 8. O-O e4 9. dxe4 Qxd1 10. Bxd1 Nxe4 11. Nbd2 Bf5 12. Nxe4 Bxe4 13. b3 Nb4 14. Bb2 Nd3 15. Bc3 Rad8 16. Ne5 Rfe8 17. Nxd3 Rxd3 18. Rc1 Ba3 19. Be2 Rdd8 20. Rcd1 Rxd1 21. Rxd1 Bc2 22. Rd2 Bg6 23. h3 h6 24. Bf3 Re1+ 25. Kh2 Bc1 26. Rd8+ {Black resigns} 1-0

[Event "FICS rated blitz game"]
[Site "FICS freechess.org"]
[FICSGamesDBGameNo "20000666"]
[White "gauf"]
[Black "RandyShane"]
[WhiteElo "1548"]
[BlackElo "1475"]
[WhiteRD "na"]
[BlackRD "na"]
[TimeControl "120+12"]
[Date "1999.05.21"]
[Time "14:59:00"]
[WhiteClock "0:02:00.000"]
[BlackClock "0:02:00.000"]
[ECO "B44"]
[PlyCount "76"]
[Result "1/2-1/2"]

1. e4 c5 2. Nf3 e6 3. d4 cxd4 4. Nxd4 Nc6 5. c4 a6 6. Nc3 Bc5 7. Be3 Qb6 8. Nxc6 Qxc6 9. Bxc5 Qxc5 10. Be2 b6 11. O-O Bb7 12. Kh1 Nf6 13. f3 O-O 14. a3 Rfd8 15. b4 Qc7 16. Rc1 Rac8 17. Na4 d5 18. exd5 exd5 19. c5 bxc5 20. Nxc5 d4 21. Bxa6 Bxa6 22. Nxa6 Qa7 23. b5 d3 24. Rxc8 Rxc8 25. Qxd3 h6 26. Rd1 Qe7 27. Qf5 Rc3 28. a4 Rc4 29. Nc5 Rxc5 30. Qb1 g6 31. b6 Qb7 32. Qb4 Rc6 33. a5 Nd7 34. h3 Nxb6 35. axb6 Qxb6 36. Qf4 g5 37. Qe5 Re6 38. Qc3 Rf6 {Game drawn by mutual agreement} 1/2-1/2

[Event "FICS rated lightning game"]
[Site "FICS freechess.org"]
[FICSGamesDBGameNo "20000665"]
[White "giblet"]
[Black "LowProfile"]
[WhiteElo "1867"]
[BlackElo "1753"]
[WhiteRD "na"]
[BlackRD "na"]
[TimeControl "60+0"]
[Date "1999.05.21"]
[Time "14:24:00"]
[WhiteClock "0:01:00.000"]
[BlackClock "0:01:00.000"]
[ECO "A27"]
[PlyCount "57"]
[Result "1-0"]

1. c4 e5 2. Nc3 Nc6 3. Nf3 d6 4. d4 exd4 5. Nxd4 Nf6 6. g3 Be7 7. Bg2 Bg4 8. Nxc6 bxc6 9. Bxc6+ Bd7 10. Bxa8 Qxa8 11. Nd5 Nxd5 12. cxd5 c6 13. e4 cxd5 14. exd5 O-O 15. O-O Bh3 16. Re1 Bf6 17. Qd3 Qb7 18. Rb1 Rb8 19. b3 h6 20. Bf4 Qb4 21. Qc4 Qxc4 22. bxc4 Rxb1 23. Rxb1 Be5 24. Bxe5 dxe5 25. c5 e4 26. c6 Kh7 27. d6 Kg6 28. d7 Bxd7 29. cxd7 {Black resigns} 1-0

[Event "FICS rated lightning game"]
[Site "FICS freechess.org"]
[FICSGamesDBGameNo "20000664"]
[White "drutten"]
[Black "dirkmann"]
[WhiteElo "2007"]
[BlackElo "1901"]
[WhiteRD "na"]
[BlackRD "na"]
[TimeControl "60+0"]
[Date "1999.05.21"]
[Time "11:21:00"]
[WhiteClock "0:01:00.000"]
[BlackClock "0:01:00.000"]
[ECO "A41"]
[PlyCount "82"]
[Result "0-1"]

1. d4 d6 2. e3 Nf6 3. Bd3 g6 4. c3 Bg7 5. f4 e5 6. Nf3 exf4 7. exf4 Bg4 8. O-O O-O 9. Nbd2 Nbd7 10. h3 Bxf3 11. Qxf3 c5 12. Ne4 cxd4 13. cxd4 Nxe4 14. Qxe4 Re8 15. Qxb7 Bxd4+ 16. Kh1 Nc5 17. Qb5 Rb8 18. Qc4 Qf6 19. Rb1 Nxd3 20. Qxd3 Bc5 21. Bd2 Re7 22. Bc3 Qh4 23. f5 g5 24. f6 Re4 25. Qf3 Rbe8 26. Rbd1 a6 27. a3 h6 28. Qf5 Re3 29. Qf2 Rxh3+ 30. Kg1 Bxf2+ 31. Rxf2 Qg4 32. Rdf1 Rxc3 33. bxc3 d5 34. a4 Qe6 35. a5 Qe3 36. c4 Rc8 37. Kh2 Rxc4 38. Rh1 Rh4+ 39. Kg1 Qe1+ 40. Rf1 Rxh1+ 41. Kxh1 Qxf1+ {White forfeits on time} 0-1

[Event "FICS rated lightning game"]
[Site "FICS freechess.org"]
[FICSGamesDBGameNo "20000663"]
[White "sethb"]
[Black "Stravinsky"]
[WhiteElo "1851"]
[BlackElo "1968"]
[WhiteRD "na"]
[BlackRD "na"]
[TimeControl "60+0"]
[Date "1999.05.21"]
[Time "11:01:00"]
[WhiteClock "0:01:00.000"]
[BlackClock "0:01:00.000"]
[ECO "C02"]
[PlyCount "71"]
[Result "1-0"]

1. e4 e6 2. c3 d5 3. e5 c5 4. d4 Nc6 5. Be3 cxd4 6. cxd4 Qb6 7. b3 Nge7 8. Nf3 Nf5 9. Be2 Bb4+ 10. Nbd2 Bxd2+ 11. Qxd2 Nxe3 12. Qxe3 O-O 13. O-O Bd7 14. Rfc1 f6 15. a4 f5 16. Bb5 f4 17. Qd2 Be8 18. Bxc6 Bxc6 19. b4 Rae8 20. b5 Bd7 21. Rc2 Qd8 22. Rac1 g5 23. Rc7 g4 24. Ne1 Qe7 25. Rxb7 Qf7 26. Rcc7 Re7 27. Qb4 g3 28. hxg3 fxg3 29. f3 Qf4 30. Rxd7 Qe3+ 31. Kh1 Qxe1+ 32. Qxe1 Rxd7 33. Rxd7 Rf5 34. Qxg3+ Kf8 35. Qg7+ Ke8 36. Qe7# {Black checkmated} 1-0

[Event "FICS rated lightning game"]
[Site "FICS freechess.org"]
[FICSGamesDBGameNo "20000662"]
[White "Ride"]
[Black "Kinard"]
[WhiteElo "1790"]
[BlackElo "1802"]
[WhiteRD "na"]
[BlackRD "na"]
[TimeControl "60+0"]
[Date "1999.05.21"]
[Time "04:04:00"]
[WhiteClock "0:01:00.000"]
[BlackClock "0:01:00.000"]
[ECO "B07"]
[PlyCount "60"]
[Result "1-0"]

1. e4 e6 2. d4 d6 3. Nc3 b6 4. f4 Bb7 5. Nf3 Nd7 6. Bd3 g6 7. O-O Bg7 8. e5 d5 9. g4 Qe7 10. Be3 O-O-O 11. a4 h5 12. g5 h4 13. a5 Qe8 14. axb6 axb6 15. Qe2 Ne7 16. Ba6 Nb8 17. Bxb7+ Kxb7 18. Ra2 Nec6 19. Rfa1 Rd7 20. Nb5 Qe7 21. Na7 Qb4 22. Nxc6 Kxc6 23. Ra3 Rdd8 24. Rc3+ Kd7 25. Rb3 Qc4 26. Qxc4 dxc4 27. Rb4 Nc6 28. Rxc4 Ra8 29. Rxa8 Rxa8 30. c3 b5 {Black forfeits on time} 1-0

[Event "FICS rated lightning game"]
[Site "FICS freechess.org"]
[FICSGamesDBGameNo "20000661"]
[White "Igy"]
[Black "Tigas"]
[WhiteElo "1912"]
[BlackElo "1835"]
[WhiteRD "na"]
[BlackRD "na"]
[TimeControl "120+0"]
[Date "1999.05.21"]
[Time "01:15:00"]
[WhiteClock "0:02:00.000"]
[BlackClock "0:02:00.000"]
[ECO "A46"]
[PlyCount "99"]
[Result "1-0"]

1. d4 Nf6 2. Nf3 d6 3. g3 Bg4 4. Bg2 Nbd7 5. O-O c6 6. Re1 e5 7. h3 Bh5 8. c3 Be7 9. Nbd2 O-O 10. Qc2 Re8 11. e4 Rc8 12. dxe5 dxe5 13. g4 Bg6 14. Nh4 Bc5 15. Nf5 Qc7 16. Nf3 Nf8 17. Be3 Ne6 18. Rad1 Bxe3 19. Nxe3 Rcd8 20. Nf5 Nf4 21. Rxd8 Rxd8 22. Rd1 Bxf5 23. exf5 Rxd1+ 24. Qxd1 Qd7 25. Qxd7 Nxd7 26. Nd2 Nxg2 27. Kxg2 f6 28. Ne4 b6 29. Nd6 Kf8 30. Nc8 a5 31. a4 Ke8 32. Nd6+ Ke7 33. Ne4 c5 34. Kf3 Nb8 35. Ke3 Nc6 36. Kd3 Kd7 37. Kc4 Kc7 38. Kd5 Kd7 39. Kc4 Kc7 40. Kb5 Na7+ 41. Ka6 Nc6 42. Nd2 Ne7 43. Nc4 Nd5 44. Kb5 Nf4 45. Nxb6 Nxh3 46. f3 Ng1 47. Kxc5 Nxf3 48. b4 axb4 49. cxb4 h6 50. a5 {Black forfeits on time} 1-0

[Event "FICS rated blitz game"]
[Site "FICS freechess.org"]
[FICSGamesDBGameNo "20000660"]
[White "enebro"]
[Black "JanetW"]
[WhiteElo "1439"]
[BlackElo "1532"]
[WhiteRD "na"]
[BlackRD "na"]
[TimeControl "300+0"]
[Date "1999.05.20"]
[Time "12:06:00"]
[WhiteClock "0:05:00.000"]
[BlackClock "0:05:00.000"]
[ECO "A00"]
[PlyCount "74"]
[Result "0-1"]

1. e3 e5 2. c4 d6 3. Nc3 Be7 4. Nf3 Nf6 5. d4 Bg4 6. d5 e4 7. h3 exf3 8. hxg4 fxg2 9. Bxg2 Nbd7 10. g5 Ng8 11. f4 f6 12. gxf6 Ngxf6 13. Bd2 O-O 14. e4 Nc5 15. e5 dxe5 16. fxe5 Nfd7 17. Qh5 h6 18. e6 Nf6 19. O-O-O Nxh5 20. Rxh5 Bg5 21. Bxg5 hxg5 22. Rdh1 g6 23. Rh8+ Kg7 24. R1h7+ Kf6 25. Rxf8+ Qxf8 26. Rf7+ Qxf7 27. exf7 Kxf7 28. b4 Nd3+ 29. Kc2 Nf4 30. Bf3 Re8 31. Ne4 g4 32. Bh1 Rh8 33. Ng5+ Kf6 34. Ne4+ Kf5 35. Ng3+ Ke5 36. Be4 Rh3 37. Ne2 Kxe4 {White resigns} 0-1

[Event "FICS rated lightning game"]
[Site "FICS freechess.org"]
[FICSGamesDBGameNo "20000658"]
[White "Majic"]
[Black "psoasminor"]
[WhiteElo "1536"]
[BlackElo "1408"]
[WhiteRD "na"]
[BlackRD "na"]
[TimeControl "60+0"]
[Date "1999.05.20"]
[Time "11:16:00"]
[WhiteClock "0:01:00.000"]
[BlackClock "0:01:00.000"]
[ECO "C30"]
[PlyCount "80"]
[Result "0-1"]

1. e4 e5 2. f4 d6 3. fxe5 dxe5 4. Nf3 Bg4 5. d3 Bc5 6. Be2 Qf6 7. Nc3 Bxf3 8. Bxf3 Nc6 9. b3 Nd4 10. Rf1 Nxf3+ 11. Rxf3 Qh4+ 12. g3 Qxh2 13. Qd2 Qxd2+ 14. Bxd2 Nf6 15. Ke2 Bd4 16. Raf1 O-O 17. Nb1 Ng4 18. Rh1 h6 19. Nc3 Bxc3 20. Bxc3 f6 21. Rh4 f5 22. exf5 Nf6 23. Rb4 b6 24. Bxe5 Rfe8 25. d4 c5 26. dxc5 bxc5 27. Rb5 Rxe5+ 28. Kd2 Nd5 29. Kc1 Rf8 30. Kb2 Rfxf5 31. Rxf5 Rxf5 32. Rb8+ Kh7 33. Ra8 Ne3 34. Rxa7 Rg5 35. Ra5 Rxg3 36. Rxc5 h5 37. Rc3 h4 38. Ka3 h3 39. Ka4 h2 40. Ka5 h1=Q {White forfeits on time} 0-1

[Event "FICS rated lightning game"]
[Site "FICS freechess.org"]
[FICSGamesDBGameNo "20000657"]
[White "Senkath"]
[Black "Havdre"]
[WhiteElo "1753"]
[BlackElo "1862"]
[WhiteRD "na"]
[BlackRD "na"]
[TimeControl "60+0"]
[Date "1999.05.20"]
[Time "09:06:00"]
[WhiteClock "0:01:00.000"]
[BlackClock "0:01:00.000"]
[ECO "B20"]
[PlyCount "72"]
[Result "0-1"]

1. e4 c5 2. Bc4 Nc6 3. Qh5 e6 4. d3 Nf6 5. Qd1 g6 6. Bg5 Bg7 7. Nf3 Qb6 8. Nc3 Qxb2 9. Bxf6 Bxf6 10. O-O Qxc3 11. Rb1 O-O 12. a4 Nd4 13. Nxd4 Qxc4 14. dxc4 cxd4 15. Rb3 e5 16. Qf3 Bg7 17. Rfb1 d6 18. Qd1 b6 19. Qd3 Bd7 20. Qd2 Bxa4 21. Rb4 Bd7 22. c3 f5 23. exf5 Bxf5 24. cxd4 Bxb1 25. Rxb1 exd4 26. Qd3 Rad8 27. Re1 d5 28. cxd5 Rxd5 29. Re7 Rdf5 30. Rxa7 Rxf2 31. h3 h5 32. Rb7 R2f6 33. Qxd4 Rf1+ 34. Kh2 Bxd4 35. Rxb6 Be5+ 36. g3 R8f2# {White checkmated} 0-1

[Event "FICS rated blitz game"]
[Site "FICS freechess.org"]
[FICSGamesDBGameNo "20000656"]
[White "simgra"]
[Black "Greco"]
[WhiteElo "1667"]
[BlackElo "1534"]
[WhiteRD "na"]
[BlackRD "na"]
[TimeControl "120+12"]
[Date "1999.05.20"]
[Time "06:00:00"]
[WhiteClock "0:02:00.000"]
[BlackClock "0:02:00.000"]
[ECO "A04"]
[PlyCount "111"]
[Result "1-0"]

1. Nf3 Nc6 2. d4 d5 3. c4 dxc4 4. e4 e6 5. Bxc4 Nf6 6. Nc3 Bb4 7. Bg5 O-O 8. O-O h6 9. Bh4 g5 10. Nxg5 hxg5 11. Bxg5 Be7 12. d5 Ne5 13. Bb3 exd5 14. Bxf6 Bxf6 15. Nxd5 Bh4 16. Qh5 Qg5 17. Qxg5+ Bxg5 18. f4 Bd8 19. fxe5 c6 20. Nf6+ Kg7 21. Rf3 Bb6+ 22. Kh1 Be6 23. Bxe6 fxe6 24. Raf1 Bd4 25. Nh5+ Kg8 26. Rxf8+ Rxf8 27. Rxf8+ Kxf8 28. Nf4 Bxb2 29. Nxe6+ Ke7 30. Nc5 b6 31. Nd3 Bd4 32. h4 c5 33. g4 c4 34. Ne1 c3 35. Kg2 Bxe5 36. Kf3 b5 37. Nc2 a5 38. g5 Kf7 39. h5 Kg7 40. Ke3 b4 41. Kd3 Bf4 42. g6 Be5 43. Kc4 Kh6 44. Kb5 Kxh5 45. Kxa5 Kxg6 46. Kxb4 Kg5 47. Kc4 Kf4 48. Kd5 Bb8 49. a4 Kf3 50. e5 Ke2 51. e6 Kd2 52. Nb4 Bc7 53. e7 Ba5 54. Na2 Kc2 55. e8=Q Kb2 56. Nxc3 {Black resigns} 1-0

[Event "FICS rated blitz game"]
[Site "FICS freechess.org"]
[FICSGamesDBGameNo "20000655"]
[White "Jaki"]
[Black "Gobi"]
[WhiteElo "2028"]
[BlackElo "2028"]
[WhiteRD "na"]
[BlackRD "na"]
[TimeControl "180+2"]
[Date "1999.05.20"]
[Time "03:51:00"]
[WhiteClock "0:03:00.000"]
[BlackClock "0:03:00.000"]
[ECO "A45"]
[PlyCount "96"]
[Result "0-1"]

1. d4 Nf6 2. Bg5 Ne4 3. Bf4 g5 4. Bc1 h6 5. f3 Nf6 6. e4 d6 7. Nc3 Bg7 8. f4 gxf4 9. Bxf4 Bg4 10. Be2 Bxe2 11. Qxe2 Nc6 12. O-O-O Qc8 13. e5 dxe5 14. dxe5 Qf5 15. Nh3 Nd7 16. Nd5 O-O-O 17. e6 fxe6 18. g4 Qg6 19. Nxc7 Nde5 20. Nb5 Rd5 21. Rxd5 exd5 22. Bxe5 Bxe5 23. Re1 Bb8 24. Qe6+ Qxe6 25. Rxe6 a6 26. Nc3 d4 27. Ne4 Bxh2 28. g5 hxg5 29. Nhxg5 Bf4+ 30. Kd1 d3 31. cxd3 Rh1+ 32. Kc2 Nd4+ 33. Kc3 Nxe6 34. Nxe6 Be5+ 35. d4 Rh3+ 36. Kc4 Bh2 37. Kd5 Rh5+ 38. Kc4 b6 39. d5 Kd7 40. Nd4 Rh4 41. Kd3 Bg1 42. Nf5 Rh3+ 43. Kc2 Be3 44. Nc3 Bf4 45. Nd4 Be5 46. Nde2 b5 47. a3 Kd6 48. Kb3 a5 {White forfeits on time} 0-1

[Event "FICS rated blitz game"]
[Site "FICS freechess.org"]
[FICSGamesDBGameNo "20000654"]
[White "purdy"]
[Black "special"]
[WhiteElo "1450"]
[BlackElo "1402"]
[WhiteRD "na"]
[BlackRD "na"]
[TimeControl "120+12"]
[Date "1999.05.20"]
[Time "02:46:00"]
[WhiteClock "0:02:00.000"]
[BlackClock "0:02:00.000"]
[ECO "D10"]
[PlyCount "60"]
[Result "0-1"]

1. d4 d5 2. c4 c6 3. Na3 Bf5 4. Nf3 Nf6 5. Bf4 e6 6. e3 Bxa3 7. bxa3 Qa5+ 8. Nd2 Qxa3 9. Be2 Bd3 10. O-O O-O 11. Bxd3 Qxd3 12. Bd6 Re8 13. Rc1 Na6 14. Rb1 dxc4 15. Rxb7 c3 16. Nf3 Qc4 17. Ne5 Qxa2 18. Nxf7 c2 19. Qc1 Ne4 20. Rb2 Qd5 21. Be5 Kxf7 22. Rxc2 Nb4 23. Rb2 Nd3 24. Rb7+ Re7 25. Rxe7+ Kxe7 26. Qa3+ Kf7 27. Qxd3 c5 28. Qe2 a5 29. Qf3+ Nf6 30. Qf4 c4 {White forfeits on time} 0-1

[Event "FICS rated blitz game"]
[Site "FICS freechess.org"]
[FICSGamesDBGameNo "20000653"]
[White "cdavid"]
[Black "Carville"]
[WhiteElo "1371"]
[BlackElo "1454"]
[WhiteRD "na"]
[BlackRD "na"]
[TimeControl "180+2"]
[Date "1999.05.20"]
[Time "01:07:00"]
[WhiteClock "0:03:00.000"]
[BlackClock "0:03:00.000"]
[ECO "C29"]
[PlyCount "29"]
[Result "1-0"]

1. e4 e5 2. Nc3 Nf6 3. f4 exf4 4. Nf3 Bb4 5. e5 Bxc3 6. dxc3 Nh5 7. Bd3 O-O 8. O-O d6 9. Nd4 dxe5 10. Qxh5 f5 11. Nxf5 Bxf5 12. Bxf5 g6 13. Be6+ Kg7 14. Qh3 Nd7 15. Qf3 {Black forfeits on time} 1-0

[Event "FICS rated blitz game"]
[Site "FICS freechess.org"]
[FICSGamesDBGameNo "20000652"]
[White "makarp"]
[Black "finnian"]
[WhiteElo "1282"]
[BlackElo "1507"]
[WhiteRD "na"]
[BlackRD "na"]
[TimeControl "300+0"]
[Date "1999.05.20"]
[Time "00:40:00"]
[WhiteClock "0:05:00.000"]
[BlackClock "0:05:00.000"]
[ECO "B03"]
[PlyCount "120"]
[Result "0-1"]

1. e4 Nf6 2. e5 Nd5 3. d4 d6 4. f4 g6 5. Nf3 Bg7 6. Bc4 Nb6 7. Bb3 O-O 8. O-O Bg4 9. c3 dxe5 10. fxe5 c5 11. Qe1 cxd4 12. cxd4 Bxf3 13. Rxf3 Qxd4+ 14. Re3 Bxe5 15. Kh1 Bf6 16. Nc3 Nc6 17. Ne4 Bg7 18. Ng5 Rad8 19. Re2 Nc4 20. Re4 Qc5 21. Be3 Nxe3 22. Qxe3 Qxe3 23. Rxe3 Bxb2 24. Rb1 Bf6 25. Ne4 Bd4 26. Rf3 Bb6 27. Ng5 Ne5 28. Rff1 h6 29. Ne4 Nd3 30. Bc4 Nf2+ 31. Nxf2 Bxf2 32. Rxf2 a6 33. Rxb7 a5 34. Rxe7 Rd1+ 35. Rf1 Rxf1+ 36. Bxf1 Rc8 37. h3 Rc1 38. Kg1 Kf8 39. Ra7 Rc5 40. g4 Kg7 41. Kf2 Kf6 42. Ke3 Kg5 43. Kf3 f6 44. Kg3 Rc3+ 45. Kg2 Rc5 46. Kg3 Rc3+ 47. Kg2 Rc5 48. Bd3 Rd5 49. Be4 Re5 50. Kf3 h5 51. Bc2 hxg4+ 52. hxg4 Rc5 53. Bb3 Rc3+ 54. Ke4 Rc5 55. Kf3 Rc3+ 56. Ke4 Rc5 57. Kd4 Re5 58. Bc2 Kxg4 59. Bxg6 Kf4 60. Rf7 f5 {White forfeits on time} 0-1

[Event "FICS rated blitz game"]
[Site "FICS freechess.org"]
[FICSGamesDBGameNo "20000651"]
[White "makarp"]
[Black "BigGeno"]
[WhiteElo "1282"]
[BlackElo "1312"]
[WhiteRD "na"]
[BlackRD "na"]
[TimeControl "300+0"]
[Date "1999.05.20"]
[Time "00:35:00"]
[WhiteClock "0:05:00.000"]
[BlackClock "0:05:00.000"]
[ECO "C54"]
[PlyCount "58"]
[Result "0-1"]

1. e4 e5 2. Nf3 Nc6 3. Bc4 Nf6 4. O-O Bc5 5. c3 d6 6. d4 Bb6 7. dxe5 Nxe5 8. Nxe5 dxe5 9. Qxd8+ Kxd8 10. Bxf7 Nxe4 11. Rd1+ Ke7 12. Bh5 Bxf2+ 13. Kf1 Rf8 14. Bg5+ Nxg5 15. Ke2 Bb6 16. Nd2 Rf2+ 17. Ke1 Rxg2 18. Nc4 Bf2+ 19. Kf1 Rxh2 20. Nxe5 Rxh5 21. Kxf2 Rh2+ 22. Kg3 Rxb2 23. Re1 Kf6 24. Nd3 Rd2 25. Rf1+ Bf5 26. Nc5 b6 27. Nb3 Rd3+ 28. Kh4 Rxc3 29. Nd4 Rh3# {White checkmated} 0-1

[Event "FICS rated standard game"]
[Site "FICS freechess.org"]
[FICSGamesDBGameNo "20000650"]
[White "BWood"]
[Black "yendis"]
[WhiteElo "1270"]
[BlackElo "1526"]
[WhiteRD "na"]
[BlackRD "na"]
[TimeControl "1200+0"]
[Date "1999.05.19"]
[Time "22:46:00"]
[WhiteClock "0:20:00.000"]
[BlackClock "0:20:00.000"]
[ECO "A46"]
[PlyCount "94"]
[Result "0-1"]

1. d4 Nf6 2. Nf3 d6 3. Bg5 h6 4. Bxf6 exf6 5. e3 Bg4 6. Nbd2 Be7 7. Bd3 f5 8. O-O g6 9. Re1 Qd7 10. c3 Nc6 11. e4 O-O-O 12. Qa4 Kb8 13. Qb3 Bg5 14. Ba6 b6 15. Nxg5 hxg5 16. h3 Bh5 17. Qd5 g4 18. h4 f4 19. Bb5 Kb7 20. Bxc6+ Qxc6 21. Qxf7 f3 22. g3 g5 23. Qb3 gxh4 24. Nf1 h3 25. Kh2 Bg6 26. Nd2 d5 27. e5 Bf5 28. a4 a5 29. Nb1 Bxb1 30. Rexb1 Qc4 31. Qxc4 dxc4 32. Re1 Rde8 33. Re4 Rhg8 34. Rf4 Kc6 35. Re1 Re6 36. Ree4 Kd5 37. Rxg4 Rxg4 38. Rxg4 c6 39. Rf4 b5 40. g4 b4 41. Rxf3 bxc3 42. bxc3 Ke4 43. Rxh3 Kf4 44. f3 Rg6 45. Rg3 Rg5 46. Kh3 Rg7 47. Kh4 Rh7# {White checkmated} 0-1

[Event "FICS rated lightning game"]
[Site "FICS freechess.org"]
[FICSGamesDBGameNo "20000649"]
[White "Field"]
[Black "Vincia"]
[WhiteElo "1765"]
[BlackElo "1651"]
[WhiteRD "na"]
[BlackRD "na"]
[TimeControl "60+0"]
[Date "1999.05.19"]
[Time "22:22:00"]
[WhiteClock "0:01:00.000"]
[BlackClock "0:01:00.000"]
[ECO "A41"]
[PlyCount "79"]
[Result "1-0"]

1. d4 d6 2. c4 e5 3. e3 exd4 4. exd4 g6 5. Nc3 Bg7 6. Nf3 Nf6 7. Be2 O-O 8. O-O Re8 9. Re1 Na6 10. Qc2 c5 11. a3 Nc7 12. d5 a6 13. b3 Rb8 14. Bb2 b5 15. Rac1 bxc4 16. bxc4 Bf5 17. Bd3 Rxe1+ 18. Rxe1 Bxd3 19. Qxd3 Qd7 20. Rf1 Rxb2 21. Ne2 Rb8 22. Nf4 Qe8 23. Re1 Qd7 24. Qc3 Nfxd5 25. Qa5 Nxf4 26. g3 Nd3 27. Rd1 Ne5 28. Nxe5 Bxe5 29. Qe1 Bg7 30. Qe3 Re8 31. Qf3 Qe6 32. Qc6 Qe2 33. Rf1 Kf8 34. Qxc7 Qe7 35. Qc6 Bd4 36. Qxa6 Qe2 37. Qc6 Bxf2+ 38. Kg2 Bd4+ 39. Rf2 Kg7 40. Rxe2 {Black forfeits on time} 1-0

[Event "FICS rated blitz game"]
[Site "FICS freechess.org"]
[FICSGamesDBGameNo "20000648"]
[White "dhiman"]
[Black "KidLightning"]
[WhiteElo "1667"]
[BlackElo "1395"]
[WhiteRD "na"]
[BlackRD "na"]
[TimeControl "300+0"]
[Date "1999.05.19"]
[Time "20:14:00"]
[WhiteClock "0:05:00.000"]
[BlackClock "0:05:00.000"]
[ECO "B21"]
[PlyCount "69"]
[Result "1-0"]

1. e4 c5 2. Nf3 d6 3. d4 cxd4 4. c3 dxc3 5. Nxc3 Nc6 6. Bc4 Nf6 7. O-O Bg4 8. h3 Bh5 9. Bg5 e6 10. g4 Bg6 11. Qe2 Be7 12. Rfd1 a6 13. e5 Nd7 14. Bxe7 Qxe7 15. exd6 Qf6 16. Nd5 Qxb2 17. Nc7+ Kd8 18. Nxa8 Qxe2 19. Bxe2 Re8 20. Rab1 b5 21. Nc7 Rg8 22. Nxa6 Bxb1 23. Rxb1 Kc8 24. Rxb5 Na7 25. Rb2 f5 26. Ng5 h6 27. Nxe6 Re8 28. gxf5 Nf6 29. Rb8+ Kd7 30. Rxe8 Kxe8 31. Nxg7+ Kd7 32. Nh5 Nd5 33. Bf3 Nc3 34. f6 Nxa2 35. f7 {Black resigns} 1-0

[Event "FICS rated blitz game"]
[Site "FICS freechess.org"]
[FICSGamesDBGameNo "20000647"]
[White "bgp"]
[Black "Schlau"]
[WhiteElo "1265"]
[BlackElo "1280"]
[WhiteRD "na"]
[BlackRD "na"]
[TimeControl "180+8"]
[Date "1999.05.19"]
[Time "18:15:00"]
[WhiteClock "0:03:00.000"]
[BlackClock "0:03:00.000"]
[ECO "B44"]
[PlyCount "102"]
[Result "0-1"]

1. e4 c5 2. c4 Nc6 3. Nf3 e6 4. d4 cxd4 5. Nxd4 Nf6 6. Nc3 d6 7. Nxc6 bxc6 8. c5 d5 9. Na4 Be7 10. e5 Nd7 11. Be3 Nxe5 12. Bd4 Bf6 13. Qh5 Ng6 14. Bxf6 Qxf6 15. Be2 O-O 16. O-O Nf4 17. Qf3 Nxe2+ 18. Qxe2 Qd4 19. b3 e5 20. Rfd1 Qf4 21. Qd2 Qf5 22. Qa5 Bd7 23. Qd2 e4 24. Nc3 Qg6 25. Nxe4 Qxe4 26. Re1 Qg6 27. Re3 Bf5 28. Rg3 Qf6 29. Re1 Rfe8 30. Rge3 Re4 31. f3 Rxe3 32. Rxe3 Kf8 33. Qc1 Re8 34. Rxe8+ Kxe8 35. Qe1+ Be6 36. Qe2 Qd4+ 37. Kf1 Qa1+ 38. Kf2 Qd4+ 39. Kf1 a5 40. g4 Qf4 41. Kg2 Kd7 42. h3 Qd4 43. Kg3 Qxc5 44. f4 Qc3+ 45. Kh4 d4 46. f5 Bd5 47. Qa6 Qe1+ 48. Kg5 f6+ 49. Kh5 Qg3 50. Qb7+ Kd6 51. Qxg7 Qxh3# {White checkmated} 0-1

[Event "FICS rated standard game"]
[Site "FICS freechess.org"]
[FICSGamesDBGameNo "20000646"]
[White "bigbad"]
[Black "Blueagle"]
[WhiteElo "1981"]
[BlackElo "1921"]
[WhiteRD "na"]
[BlackRD "na"]
[TimeControl "600+10"]
[Date "1999.05.19"]
[Time "16:34:00"]
[WhiteClock "0:10:00.000"]
[BlackClock "0:10:00.000"]
[ECO "B25"]
[PlyCount "160"]
[Result "0-1"]

1. e4 c5 2. Nc3 d6 3. g3 Nc6 4. Bg2 g6 5. d3 Bg7 6. f4 e6 7. Nf3 Nge7 8. O-O O-O 9. Be3 Nd4 10. e5 Bd7 11. Nxd4 cxd4 12. Bxd4 Bc6 13. Ne4 Bxe4 14. Bxe4 d5 15. Bg2 Nf5 16. Bc5 Re8 17. Re1 Bf8 18. Bxf8 Rxf8 19. Qd2 Qb6+ 20. Kh1 Qxb2 21. Reb1 Qd4 22. c3 Qc5 23. Rxb7 Rac8 24. Rc1 Qa5 25. Rc2 Rc6 26. g4 Nd4 27. c4 Qa6 28. Rcb2 dxc4 29. Bxc6 Qxc6+ 30. Qg2 Qxg2+ 31. Rxg2 c3 32. Rc7 c2 33. Rcxc2 Nxc2 34. Rxc2 Rd8 35. Rc7 a5 36. Ra7 Rxd3 37. Rxa5 Rd4 38. Kg2 Rxf4 39. h3 g5 40. Kg3 Kg7 41. Ra3 h6 42. Kg2 Re4 43. Ra5 Kg6 44. Kf3 Rf4+ 45. Ke3 h5 46. gxh5+ Kxh5 47. Ra3 Kg6 48. Ra7 Rh4 49. a4 Rxh3+ 50. Ke4 Rh4+ 51. Ke3 Rf4 52. a5 Ra4 53. a6 g4 54. Kf2 Kg5 55. Kg3 Ra3+ 56. Kg2 Kf4 57. Rxf7+ Kxe5 58. a7 Ke4 59. Rg7 g3 60. Rd7 e5 61. Rf7 Kd5 62. Rg7 e4 63. Re7 Kd4 64. Kh3 Kd5 65. Kg2 Kd4 66. Kh3 Ke3 67. Kxg3 Ra6 68. Kg4 Ra5 69. Rg7 Kd2 70. Kf4 e3 71. Rd7+ Ke2 72. Rf7 Ra4+ 73. Kg3 Kd1 74. Rd7+ Ke1 75. Kf3 e2 76. Rf7 Ra3+ 77. Kg2 Kd1 78. Re7 e1=Q 79. Rxe1+ Kxe1 80. a8=Q Rxa8 {White resigns} 0-1